 Dungeon Crawl Stone Soup version 0.23.0-28-g6fe0f4d (webtiles) character file.

Game seed: 8912908179161833245

75 ohad the Changer (level 4, -1/28 HPs)
             Began as an Octopode Transmuter on Feb 25, 2019.
             Slain by a frilled lizard (3 damage)
             ... on level 3 of the Dungeon.
             The game lasted 00:04:47 (1950 turns).

ohad the Changer (Octopode Transmuter)              Turns: 1950, Time: 00:04:48

Health: -1/28      AC:  1    Str:  9    XL:     4   Next: 31%
Magic:  2/7        EV: 13    Int: 16    God:
Gold:   113        SH:  0    Dex: 12    Spells: 1/7 levels left

rFire    . . .     SeeInvis .     - Unarmed
rCold    + . .     Gourm    .   (no shield)
rNeg     . . .     Faith    .   (helmet restricted)
rPois    .         Spirit   .   (no amulet)
rElec    .         Reflect  .   g - ring of resist corrosion
rCorr    +         Harm     .   i - ring of protection from cold
MR       .....                  (no ring)
Stlth    ++........             (no ring)
HPRegen  0.09/turn              (no ring)
MPRegen  0.10/turn              (no ring)
                                (no ring)
                                (no ring)

@: very slightly contaminated
A: almost no armour, stealthy swim, amphibious, 8 rings, constrict 8, camouflage
1, gelatinous body 1
a: no special abilities


You were on level 3 of the Dungeon.
You were hungry.

You visited 1 branch of the dungeon, and saw 3 of its levels.

You collected 113 gold pieces.

Inventory:

Hand Weapons
 l - a cursed +1 dagger
 m - a +1 whip of venom
Missiles
 a - 58 arrows
Jewellery
 g - a ring of resist corrosion (left tentacle)
 i - a ring of protection from cold (right tentacle)
Scrolls
 e - 2 scrolls of remove curse
 f - a scroll of fog
 h - a scroll of amnesia
 p - a scroll of fear {unknown}
Potions
 d - a potion of brilliance
 k - a potion of curing
Comestibles
 b - 3 chunks of flesh
 c - 4 rations


   Skills:
 - Level 1.0 Fighting
 - Level 2.0 Dodging
 - Level 3.0 Unarmed Combat
 - Level 2.0 Spellcasting
 + Level 4.4 Transmutations


You had one spell level left.
You knew the following spells:

 Your Spells              Type           Power        Failure   Level  Hunger
a - Beastly Appendage     Tmut           ###...       3%          1    #......
b - Sticks to Snakes      Tmut           ###.....     4%          2    ###....
c - Spider Form           Tmut/Pois      #.........   26%         3    ###....

Your spell library contained the following spells:

 Spells                   Type           Power        Failure   Level  Hunger
 Magic Dart               Conj           #...         21%         1    #......
 Blink                    Tloc           N/A          30%         2    ###....
 Call Imp                 Summ           #.......     30%         2    ###....
 Slow                     Hex            #.......     30%         2    ###....
 Conjure Flame            Conj/Fire      #.......     52%         3    ###....
 Mephitic Cloud           Conj/Pois/Air  #.......     52%         3    ###....
 Ice Form                 Ice/Tmut       #.......     63%         4    #####..
 Blade Hands              Tmut           ###.......   67%         5    ######.


Dungeon Overview and Level Annotations

Branches:
Dungeon (3/15)

Altars:
Kikubaaqudgha
Yredelemnul

Annotations:
D:3 Robin


Innate Abilities, Weirdness & Mutations

You cannot wear most types of armour.
You are very stealthy in the water. (Stealth+)
You are amphibious.
You can wear up to eight rings at the same time.
You can use your tentacles to constrict eight enemies at once.
Your skin changes colour to match your surroundings (Stealth+).
Your rubbery body absorbs attacks. (AC +1, EV +1)


Message History

The goblins go into a battle-frenzy!
Okay, then.
As you read the scroll labeled BIATUDWE NAOCS, it crumbles to dust.
You hear roaring flames.
It was a scroll of random uselessness.
The goblin no longer looks unusually strong.
The frilled lizard barely misses you.
The hobgoblin hits you but does no damage.
The goblin hits you with a +0 club.
* * * LOW HITPOINT WARNING * * *
The goblin barely misses you. The hobgoblin closely misses you.
Unknown command.
As you read the scroll labeled BECOIHUAMO, it crumbles to dust.
It is a scroll of enchant weapon.
Really abort (and waste the scroll)? [Y]es or [N]o only, please.
Really abort (and waste the scroll)?
Your runed dagger glows red for a moment.
The frilled lizard bites you.
You die...

#...............#
#.##..#####.....####
#.#.................
##.#.................
.....####.........###
...#####.........##
#......#............
#....#.gg.#....###
##....#gg@g#.#..#
#.......lgg#.##.# ##
#..........#.##.#.......
#.....g......# .#........
#...........## ..........
#.$.........###......#.._
#....#.#)......g.g......
#......#)#....###....#.#.
#......#.#..#.รท.#.....g..


You could see Robin, 2 hobgoblins, 5 goblins and a frilled lizard.

Vanquished Creatures
  2 adders
  A dart slug (D:1)
  3 leopard geckos
  4 ball pythons
  A giant cockroach (D:3)
  8 goblins
  7 hobgoblins
  4 jackals (D:2)
  7 bats
  A frilled lizard (D:1)
  5 kobolds
  10 rats
53 creatures vanquished.

Vanquished Creatures (others)
  4 toadstools (D:1)
4 creatures vanquished.

Grand Total: 57 creatures vanquished

Notes
Turn   | Place    | Note
-------+----------+-------------------------------------------
     0 | D:1      | ohad the Octopode Transmuter began the quest for the Orb.
     0 | D:1      | Reached XP level 1. HP: 13/13 MP: 3/3
    68 | D:1      | Reached XP level 2. HP: 13/18 MP: 5/5
   207 | D:1      | Reached skill level 3 in Transmutations
   775 | D:1      | Reached XP level 3. HP: 23/23 MP: 4/6
   779 | D:1      | Learned a level 2 spell: Sticks to Snakes
   783 | D:1      | Learned a level 3 spell: Spider Form
  1245 | D:2      | Reached skill level 4 in Transmutations
  1672 | D:2      | Reached XP level 4. HP: 28/28 MP: 7/7
  1697 | D:2      | Found an ancient bone altar of Kikubaaqudgha.
  1897 | D:3      | Found a basalt altar of Yredelemnul.
  1921 | D:3      | Noticed Robin
  1950 | D:3      | Slain by a frilled lizard

Skill      XL: |  1  2  3 |
---------------+----------+-----
Transmutations | 3 4 |  4.4
Fighting       | |  1.0
Dodging        | |  2.0
Unarmed Combat | |  3.0
Spellcasting   | |  2.0

Action                   |  1- 3 |  4- 6 || total
-------------------------+-------+-------++-------
Melee: Unarmed           |    83 |    18 ||   101
       Constrict         |    27 |     4 ||    31
       Tentacles         |    12 |     2 ||    14
       Kick              |    11 |     2 ||    13
 Cast: Beastly Appendage |    19 |     3 ||    22
       Spider Form       |       |     1 ||     1
  Use: Scroll            |       |     8 ||     8
 Stab: Sleeping          |    13 |       ||    13
  Eat: Chunk             |     3 |       ||     3
Armor: Skin              |     7 |     4 ||    11
Dodge: Dodged            |    57 |    27 ||    84
